 Dungeon Crawl Stone Soup version 0.31-a0-182-gc5ef74bbde (webtiles) character file.

Game seed: 18320718011373630156

42 qw the Chopper (level 3, -3/23 HPs)
             Began as a Gargoyle Fighter on June 21, 2023.
             Slain by Sigmund
             ... wielding a +0 scythe
              (7 damage)
             ... on level 2 of the Dungeon.
             The game lasted 00:00:34 (719 turns).

qw the Chopper (Gargoyle Fighter)                    Turns: 719, Time: 00:00:34

Health: -3/23      AC: 10    Str: 21    XL:     3   Next: 56%
Magic:  3/3        EV:  9    Int:  8    God:
Gold:   59         SH:  4    Dex:  9    Spells: 2/2 levels left

rFire   . . .        Y - +0 war axe
rCold   . . .        c - +0 buckler
rNeg    + . .        b - +0 scale mail
rPois   inf          (no helmet)
rElec   +            (no cloak)
rCorr   .            (no gloves)
SInv    .            (no boots)
Will    .....        (no amulet) Stlth
                     (no ring)
HPRegen 0.23/turn    (no ring)
MPRegen 0.08/turn

%: no passive effects
@: no status effects
A: sickness immunity, AC +3, negative energy resistance 1, electricity
resistance, torment resistance 1, petrification resistance
a: no special abilities


You were on level 2 of the Dungeon.
You visited 1 branch of the dungeon, and saw 2 of its levels.

You collected 59 gold pieces.


Innate Abilities, Weirdness & Mutations

You are immune to sickness and miasma.
Your stone body is resilient. (AC +3)
You are immune to poison.
You resist negative energy. (rN+)
You are resistant to electric shocks. (rElec)
You are resistant to unholy torment.
You are immune to petrification.


   Skills:
 - Level 3.2 Fighting
 + Level 3.5 Axes
 - Level 3.2 Armour
 - Level 3.2 Shields


You had 2 spell levels left.
You didn't know any spells.
Your spell library was empty.

Inventory:

Hand Weapons
 h - a +0 mace
 Y - a +0 war axe (weapon)
Armour
 b - a +0 scale mail (worn)
 c - a +0 buckler (worn)
Scrolls
 a - 2 scrolls of identify
Potions
 d - a potion of might
 e - a potion of lignification {unknown}
 f - a potion of attraction {unknown}
 j - a potion of curing {unknown}
 k - 2 potions of enlightenment {unknown}
 l - a potion of haste {unknown}

Dungeon Overview and Level Annotations

Branches:
Dungeon (2/15)

Altars:

Annotations:
D:2 Sigmund


Message History

You barely miss Sigmund.
Sigmund splashes around in the water.
713 ||| Stepping ~*~*~tactically~*~*~ (water).
The adder attacks as you move away! The adder closely misses you.
Sigmund barely misses you. The adder barely misses you.
The quokka closely misses you. The adder barely misses you.
You closely miss Sigmund. You slash the ball python!
You kill the ball python!
You hit the adder. You barely miss the quokka.
Sigmund hits you with a +0 scythe! The quokka bites you.
The adder barely misses you.
You miss the adder.
The adder is moderately wounded.
You barely miss the quokka. You hit Sigmund but do no damage.
The quokka bites you but does no damage.
The adder misses you.
Sigmund zaps a wand.
The puff of flame hits you. You block the adder's attack.
You block the quokka's attack.
You hit the adder.
The adder is heavily wounded.
You barely miss the quokka. You barely miss Sigmund.
Sigmund splashes around in the water.
The adder closely misses you. The quokka barely misses you.
The adder bites you.
You closely miss the adder.
The adder is heavily wounded.
You hit the quokka. You barely miss Sigmund. The quokka barely misses you.
Sigmund splashes around in the water.
The adder bites you but does no damage. The quokka bites you.
You completely miss the quokka.
The quokka is severely wounded.
You closely miss the adder. You hit Sigmund but do no damage.
The adder barely misses you. You block the quokka's attack.
Sigmund gestures wildly while chanting.
Sigmund flickers and vanishes!
Deactivating autopickup; reactivate with Ctrl-A.
The adder barely misses you. The quokka closely misses you.
You slash the quokka!
You kill the quokka!
You miss the adder. You slash something!
The adder bites you but does no damage. Something hits you!
You die...

#...............
#............... .....
##............. #........
##.....#.....####........
##..######.......##...
##..~~......#...
.~.~.~.....!..### ..#.
~~~~~~~~~~~~~~~~##.##...
~~~~~~%@~~~~~~~~~#......
~~.)~.{S....~~# #.....
........~...~### #.....
...............####.....
........................
........................
####...#................
~~~~~#..######........
##...#..# #......).


You could see an adder.

Vanquished Creatures
  A worm (D:2)
  A dart slug (D:1)
  3 ball pythons
  4 endoplasms
  2 giant cockroaches
  4 goblins
  5 hobgoblins
  6 kobolds
  2 quokkas
  4 bats
  2 rats
34 creatures vanquished.

Notes
Turn   | Place    | Note
-------+----------+-------------------------------------------
     0 | D:1      | qw the Gargoyle Fighter began the quest for the Orb.
     0 | D:1      | Reached XP level 1. HP: 14/14 MP: 1/1
     0 | D:1      | 0 ||| qw: Version: 0.3-a-9-g12657ce
     0 | D:1      | 0 ||| qw: Game counter: 1655
     0 | D:1      | 0 ||| qw: Always use a shield: true
     0 | D:1      | 0 ||| qw: God list: Okawaru
     0 | D:1      | 0 ||| qw: Allow faded altars: false
     0 | D:1      | 0 ||| qw: Do Orc after D:15 true
     0 | D:1      | 0 ||| qw: Do second Lair branch before Depths: true
     0 | D:1      | 0 ||| qw: Lair rune preference: random
     0 | D:1      | 0 ||| qw: Plans: Normal, Zot:1-4, Slime:5, God:TSO, Crypt,
                  | Tomb, Abyss, Pan, Hells, Win
     0 | D:1      | 0 ||| PLANNING D:1-11
   146 | D:1      | Reached XP level 2. HP: 19/19 MP: 2/2
   151 | D:1      | 151 ||| DROPPING +0 club.
   367 | D:1      | Reached skill level 3 in Axes
   380 | D:1      | 380 ||| READING 2 scrolls labelled OCKOOD SEMMAAP.
   381 | D:1      | 381 ||| READING scroll labelled XAIBLI TAOQEAG.
   382 | D:1      | 382 ||| READING scroll labelled FEKUSTRUGOI.
   425 | D:2      | Reached XP level 3. HP: 23/23 MP: 3/3
   605 | D:2      | 605 ||| Stepping ~*~*~tactically~*~*~ (hiding).
   606 | D:2      | 606 ||| Stepping ~*~*~tactically~*~*~ (hiding).
   618 | D:2      | 618 ||| Stepping ~*~*~tactically~*~*~ (stealth).
   680 | D:2      | 680 ||| Stepping ~*~*~tactically~*~*~ (stealth).
   681 | D:2      | 681 ||| Stepping ~*~*~tactically~*~*~ (stealth).
   708 | D:2      | Noticed Sigmund
   713 | D:2      | 713 ||| Stepping ~*~*~tactically~*~*~ (water).
   717 | D:2      | HP: 3/23 [quokka (4)]
   719 | D:2      | Slain by Sigmund

Levels and vault maps discovered:
D:1:      scummos_arrival_forest, layout_rooms
D:2:      layout_rooms, serial_rivers, chequers_serial_rivers_micro_a,
          chequers_serial_rivers_room_b, chequers_serial_rivers_small_3,
          chequers_serial_rivers_micro_b, uniq_sigmund

Skill      XL: |  1  2 |
---------------+-------+-----
Axes           | 2 3 |  3.5
Fighting       | |  3.2
Armour         | |  3.2
Shields        | |  3.2

Action                     || total
---------------------------++-------
  Melee: War axe           ||    76
    Use: Scroll            ||     3
 Armour: Scale mail        ||    22
  Dodge: Dodged            ||    45
  Block: Buckler           ||    15

Table legend:
 A = Non-vault XP
 B = Vault XP
 C = Vault XP percentage of total XP
 D = Non-vault monster count
 E = Vault monster count
 F = Vault count percentage of total count
                 A         B        C        D         E       F
            +---------+---------+-------+---------+---------+-------
      Total |      63 |       0 |   0.0 |      34 |       0 |   0.0
            +---------+---------+-------+---------+---------+-------
        D:1 |      30 |       0 |   0.0 |      15 |       0 |   0.0
        D:2 |      33 |       0 |   0.0 |      19 |       0 |   0.0
            +---------+---------+-------+---------+---------+-------
